 Dungeon Crawl Stone Soup version 0.20-a0-303-g575bbf7 (webtiles) character file.

17736 Junicave the Thaumaturge (level 12, 0/106 HPs)
             Began as a Gargoyle Earth Elementalist on Dec 16, 2016.
             Was an Elder of Vehumet.
             Killed from afar by a kobold demonologist (38 damage)
             ... with an exploding inner flame
             ... hexed by the player character
             ... on level 12 of the Dungeon on Dec 17, 2016.
             The game lasted 02:01:57 (27206 turns).

Junicave the Thaumaturge (GrEE)                    Turns: 27206, Time: 02:01:57

Health: 0/106      AC: 30    Str: 11    XL:     12   Next: 51%
Magic:  2/25       EV:  2    Int: 22    God:    Vehumet [****..]
Gold:   673        SH:  7    Dex: 10    Spells: 10/30 levels left

rFire  . . .     SeeInvis .     F - +1 trident (protect)
rCold  . . .     Gourm    .     (armour currently unavailable)
rNeg   + + +     Faith    .     v - +0 buckler
rPois  ∞         Spirit   .     (helmet currently unavailable)
rElec  .         Reflect  +     (cloak currently unavailable)
rCorr  .         Harm     .     (gloves currently unavailable)
MR     +....     NoTele   +     (boots currently unavailable)
Stlth  ++........               a - +2 amulet of reflection
                                N - ring of protection from magic
                                E - +4 ring of protection

@: tree-form
A: (antennae 0), (slimy green scales 0), mutation resistance 1, negative energy
resistance 1, (electricity resistance), (unbreathing), petrification resistance,
rot immunity, subdued magic 1, AC +8
a: Renounce Religion


You were on level 12 of the Dungeon.
You worshipped Vehumet.
Vehumet was greatly pleased with you.
You were not hungry.
You were a tree.
You visited 2 branches of the dungeon, and saw 13 of its levels.
You also visited: Ossuary and Bailey.

You collected 687 gold pieces.
You spent 14 gold pieces at shops.

Inventory:

Hand Weapons
 s - a +0 whip of freezing
 t - a +3 quarterstaff of chaos
 F - a +1 trident of protection (weapon)
 U - a +1 hand crossbow of freezing
Missiles
 b - 353 stones (quivered)
Armour
 v - a +0 buckler (worn)
 w - a +1 robe of positive energy
 y - a +0 cloak (melded)
 I - a +2 robe of the Archmagi (melded)
 M - a +0 pair of gloves (melded)
 R - a +0 pair of boots (melded)
 W - a +0 hat of intelligence (melded)
Jewellery
 a - a +2 amulet of reflection (around neck)
 g - an uncursed ring of resist corrosion
 i - an uncursed amulet of rage
 E - a +4 ring of protection (left branch)
 N - a ring of protection from magic (right branch)
Wands
 l - a wand of enslavement (0/24)
 q - a wand of slowing (22/48)
 r - a wand of digging (14/24)
 K - a wand of acid (7/15)
Scrolls
 c - 4 scrolls of amnesia
 h - 4 scrolls of remove curse
 j - 2 scrolls of recharging
 o - a scroll of blinking
 p - a scroll of acquirement {unknown}
 u - 9 scrolls of teleportation
 x - 3 scrolls of immolation
 C - 2 scrolls of fear
 O - a scroll of vulnerability
 P - a scroll of identify
 Q - 2 scrolls of fog
 S - a scroll of enchant weapon
Potions
 f - a potion of resistance
 k - 6 potions of brilliance
 m - 5 potions of curing
 A - 4 potions of haste
 D - 4 potions of might
 H - 4 potions of mutation
Books
 e - a book of Geomancy

   Spells                             Type                      Level
   a - Sandblast                      Earth                        1
   b - Passwall                       Transmutation/Earth          2
   c - Stone Arrow                    Conjuration/Earth            3
   d - Petrify                        Transmutation/Earth          4
   e - Lee's Rapid Deconstruction     Earth                        5
 n - the Collected Works on Cankerous Transformation
   (You found it in a bailey)

   Spells                             Type                      Level
   a - Sting                          Conjuration/Poison           1
   b - Beastly Appendage              Transmutation                1
   c - Spider Form                    Transmutation/Poison         3
   d - Poisonous Cloud                Conjuration/Poison/Air       5
   e - Venom Bolt                     Conjuration/Poison           5
   f - Blade Hands                    Transmutation                5
Comestibles
 d - 8 bread rations
 B - a royal jelly
 G - a chunk of flesh
 T - 4 slices of pizza


   Skills:
 + Level 6.7 Fighting
 + Level 4.0 Maces & Flails
 - Level 2.1 Armour
 + Level 5.1 Dodging
 - Level 2.1 Stealth
 + Level 6.9 Shields
 * Level 9.6 Spellcasting
 + Level 7.6 Conjurations
 - Level 0.7 Transmutations
 + Level 9.2 Earth Magic
 * Level 5.4 Poison Magic
 + Level 5.9 Evocations


You had 10 spell levels left.
You knew the following spells:

 Your Spells              Type           Power        Failure   Level  Hunger
a - Sandblast             Erth           #####.       1%          1    None
b - Stone Arrow           Conj/Erth      #####.       1%          3    None
c - Lee's Rapid Deconstr  Erth           #####.....   1%          5    ####...
d - Throw Frost           Conj/Ice       ###...       1%          2    None
e - Sting                 Conj/Pois      ####         1%          1    None
f - Ignite Poison         Fire/Tmut/Pois ###.....     2%          3    None
g - Poisonous Cloud       Conj/Pois/Air  ###.......   9%          5    ####...


Dungeon Overview and Level Annotations

Branches:
Dungeon (12/15)            Temple (1/1) D:5             Orc (0/2) D:11
   Lair: D:8-11

Altars:
Ashenzari
Cheibriados
Dithmenos
Elyvilon
Fedhas
Gozag
Hepliaklqana
Kikubaaqudgha
Makhleb
Nemelex Xobeh
Okawaru
Qazlal
Ru
Sif Muna
Trog
Uskayaw
Vehumet
Xom
Yredelemnul
Zin
The Shining One

Shops:
D:4 }   D:5 ?

Annotations:
D:11 GHOSTS!, Fannar; Shushpanzer's ghost, journeyman GrFi; loom's ghost, journeyman DDFi; loom's ghost, journeyman GrBe
D:12 Maurice


Innate Abilities, Weirdness & Mutations

You are resistant to torment.
((Your stone body is resilient. (AC +8)))
You are immune to poison.
You resist negative energy. (rN+)
((You are resistant to electric shocks. (rElec)))
((You can survive without breathing.))
You are immune to petrification.
You are immune to rotting.
((You have a pair of small antennae on your head.))
((You are partially covered in slimy green scales. (AC +2)))
You are somewhat resistant to further mutation.
Your spells are a little easier to cast, but a little less powerful.


Message History

Aiming: Stone Arrow
Press: ? - help, Shift-Dir - straight line, f/p - kobold demonologist
Aim: a kobold demonologist, wielding a dagger and wearing a robe (inner flame)
The stone arrow misses the kobold demonologist.
The stone arrow hits the kobold.
The kobold explodes!
The fiery explosion engulfs the shadow imp.
You kill the shadow imp!
The fiery explosion engulfs the red devil.
The red devil completely resists.
The fiery explosion engulfs the chaos spawn.
The chaos spawn is heavily wounded.
The fiery explosion engulfs Maurice.
Maurice is almost dead.
The fiery explosion engulfs the kobold demonologist.
The kobold demonologist is heavily wounded.
The fiery explosion engulfs the kobold demonologist.
The kobold demonologist explodes!
The fiery explosion engulfs you!
You die...

####...##...
...........
##..........
##..(.......#
##..........#
##@>3.<......#
##4§455.......#
#.§K§KK.......#
###♣5355....###
###########


You could see Maurice (inner flame), 2 kobold demonologists, a sixfirhy, a
neqoxec, a chaos spawn, a red devil, a big kobold (inner flame), a quasit, 3
crimson imps and a shadow imp.

Vanquished Creatures
  Gastronok (D:9)
  A centaur warrior (D:10)
  2 two-headed ogres
  A tengu warrior (D:10)
  An unseen horror (D:11)
  Pikel (D:6)
  A cyclops (D:10)
  A deep elf mage (D:10)
  2 gargoyles
  2 hippogriffs (D:10)
  5 slime creatures (D:9)
  The ghost of SolomonHUN the Slasher, an amateur TeFi (D:4)
  A wraith (Ossuary)
  4 yaks
  A wyvern (D:10)
  2 basilisks (D:11)
  A water moccasin (D:9)
  Duvessa (D:7)
  2 porcupines
  3 black bears
  2 phantoms
  2 necrophages
  4 ice beasts
  3 slaves
  7 sky beasts
  8 orc warriors
  4 ogres
  10 centaurs
  2 crocodiles
  2 big kobolds
  Blork the orc (D:5)
  8 bullfrogs
  Dowan (D:7)
  6 scorpions
  3 wights (D:9)
  9 howler monkeys
  A quasit (D:9)
  A centaur zombie (D:10)
  5 crimson imps
  2 bullfrog zombies
  5 hounds
  5 jellies
  7 bullfrog skeletons
  11 orc priests
  Crazy Yiuf (D:4)
  2 centaur skeletons
  4 iguanas
  Terence (D:2)
  14 orc wizards
  12 worker ants
  A killer bee zombie (D:7)
  A mummy (Ossuary)
  12 adders
  2 howler monkey skeletons
  5 shadow imps
  An adder skeleton (D:4)
  2 worms
  2 dart slugs (D:2)
  9 leopard geckos
  46 orcs
  A ball python (D:2)
  3 bats
  5 giant cockroaches
  9 goblins
  12 hobgoblins
  18 jackals
  7 quokkas
  6 frilled lizards
  7 gnoll skeletons (Ossuary)
  A jackal skeleton (D:7)
  19 kobolds
  5 kobold skeletons (Ossuary)
  A leopard gecko skeleton (D:8)
  13 orc skeletons (Ossuary)
  10 rats
375 creatures vanquished.

Vanquished Creatures (others)
  Joseph (D:7)
  3 centaurs
  A ball python skeleton (D:6)
  5 kobolds (Bailey)
  A rat (D:2)
  2 bushes (D:11)
  7 plants (D:11)
20 creatures vanquished.

Grand Total: 395 creatures vanquished

Notes
Turn   | Place    | Note
-------+----------+-------------------------------------------
     0 | D:1      | Junicave the Gargoyle Earth Elementalist began the quest for the Orb.
     0 | D:1      | Reached XP level 1. HP: 10/10 MP: 3/3
   436 | D:1      | Reached XP level 2. HP: 15/15 MP: 0/5
  1512 | D:1      | Reached XP level 3. HP: 19/19 MP: 3/7
  1517 | D:1      | Learned a level 3 spell: Stone Arrow
  2437 | D:2      | Reached skill level 1 in Conjurations
  2713 | D:2      | Reached XP level 4. HP: 19/24 MP: 5/9
  4966 | D:3      | Noticed Terence
  4982 | D:2      | Killed Terence
  4982 | D:2      | Reached XP level 5. HP: 28/28 MP: 3/11
  5358 | D:3      | Noticed a centaur
  5367 | D:3      | Killed a centaur
  5367 | D:3      | Reached XP level 6. HP: 18/32 MP: 5/12
  5608 | D:4      | Found Uwem's Gadget Boutique.
  5709 | D:4      | Found a runed door.
  5742 | D:4      | Noticed Crazy Yiuf
  5744 | D:4      | Killed Crazy Yiuf
  5780 | D:4      | Noticed a black bear
  5790 | D:4      | Killed a black bear
  5790 | D:4      | Reached skill level 5 in Spellcasting
  5790 | D:4      | Reached skill level 5 in Earth Magic
  6215 | D:4      | Reached XP level 7. HP: 30/36 MP: 4/14
  6222 | D:4      | Learned a level 5 spell: Lee's Rapid Deconstruction
  6433 | D:4      | Noticed SolomonHUN's ghost (amateur TeFi)
  6449 | D:4      | Killed SolomonHUN's ghost
  6666 | D:4      | Reached skill level 1 in Shields
  6737 | D:4      | Reached skill level 1 in Fighting
  6737 | D:4      | Reached skill level 1 in Armour
  7245 | D:4      | Found Uwem's Gadget Boutique.
  7620 | D:4      | Reached XP level 8. HP: 43/43 MP: 6/16
  8127 | D:5      | Entered Level 5 of the Dungeon
  8129 | D:5      | Reached skill level 1 in Evocations
  8317 | D:5      | Found a shimmering altar of Xom.
  8317 | D:5      | Found a shimmering altar of Xom.
  8318 | D:5      | Found a shimmering altar of Xom.
  8371 | D:5      | Found a staircase to the Ecumenical Temple.
  8380 | Temple   | Entered the Ecumenical Temple
  8516 | Temple   | Became a worshipper of Vehumet
  8632 | D:5      | Gained mutation: You are partially covered in slimy green scales. (AC +2) [mutagenic meat]
  8633 | D:5      | Gained mutation: You have a pair of small antennae on your head. [mutagenic meat]
  8634 | D:5      | Gained mutation: You are somewhat resistant to further mutation. [mutagenic meat]
  8799 | D:5      | Found Votour's Magic Scroll Shoppe.
  8859 | D:5      | Bought a scroll of noise for 14 gold pieces
  9257 | D:5      | Noticed Blork the orc
  9264 | D:5      | Killed Blork the orc
  9720 | D:5      | Found Votour's Magic Scroll Shoppe.
  9819 | D:5      | Found a shimmering altar of Xom.
  9823 | D:5      | Found a shimmering altar of Xom.
  9843 | D:5      | Found a staircase to the Ecumenical Temple.
  9916 | D:5      | Found a shimmering altar of Xom.
 10620 | D:6      | Found a basalt altar of Yredelemnul.
 10713 | D:6      | Reached XP level 9. HP: 49/49 MP: 14/18
 11281 | D:6      | Found a basalt altar of Yredelemnul.
 12089 | D:7      | Found an opulent altar of Gozag.
 12090 | D:7      | Noticed Joseph
 12094 | D:7      | Killed Joseph
 12240 | D:7      | Noticed Pikel
 12479 | D:6      | Killed Pikel
 12479 | D:6      | Reached skill level 5 in Conjurations
 12669 | D:7      | Noticed Dowan
 12670 | D:7      | Noticed Duvessa
 12744 | D:7      | Killed Dowan
 12745 | D:7      | Killed Duvessa
 12863 | D:7      | Reached * piety under Vehumet
 12863 | D:7      | Offered knowledge of Magic Dart by Vehumet.
 13022 | D:7      | Reached XP level 10. HP: 56/56 MP: 7/21
 13289 | D:8      | Found a sand-covered staircase.
 13294 | Ossuary  | Entered an ossuary
 13676 | Ossuary  | Reached ** piety under Vehumet
 13676 | Ossuary  | Offered knowledge of Throw Frost by Vehumet.
 13680 | Ossuary  | Learned a level 2 spell: Throw Frost
 14394 | D:8      | Found a basalt altar of Yredelemnul.
 14826 | D:8      | Found a basalt altar of Yredelemnul.
 15306 | D:9      | Found a flagged portal.
 15323 | Bailey   | Entered a bailey
 15507 | Bailey   | Reached skill level 5 in Shields
 15761 | Bailey   | Found an iron altar of Okawaru.
 15779 | Bailey   | Identified the Collected Works on Cankerous Transformation
 15783 | Bailey   | Learned a level 1 spell: Sting
 16715 | D:9      | Reached skill level 1 in Poison Magic
 16950 | D:9      | Reached skill level 1 in Maces & Flails
 17348 | D:9      | Offered knowledge of Ignite Poison by Vehumet.
 17353 | D:9      | Learned a level 3 spell: Ignite Poison
 17517 | D:9      | Reached skill level 5 in Fighting
 17525 | D:9      | Reached XP level 11. HP: 63/63 MP: 9/23
 18071 | D:10     | Entered Level 10 of the Dungeon
 18135 | D:10     | Gained mutation: Your spells are a little easier to cast, but a little less powerful. [mutagenic meat]
 18252 | D:10     | Reached *** piety under Vehumet
 18337 | D:10     | Noticed a cyclops
 18339 | D:10     | Noticed a deep elf mage
 18344 | D:10     | Noticed a tengu warrior
 18365 | D:10     | Noticed a centaur warrior
 18393 | D:10     | Killed a centaur warrior
 18393 | D:10     | Reached skill level 5 in Evocations
 18627 | D:10     | Killed a deep elf mage
 19036 | D:10     | Noticed Gastronok
 19536 | D:9      | Killed Gastronok
 19957 | D:10     | Learned a level 5 spell: Poisonous Cloud
 20452 | D:10     | Killed a cyclops
 20452 | D:10     | Offered knowledge of Sticky Flame by Vehumet.
 20858 | D:10     | Killed a tengu warrior
 21584 | D:4      | Found Uwem's Gadget Boutique.
 23480 | D:9      | Reached XP level 12. HP: 70/70 MP: 19/25
 24604 | D:11     | Noticed a two-headed ogre
 24608 | D:11     | Killed a two-headed ogre
 24614 | D:11     | Noticed Shushpanzer's ghost (journeyman GrFi)
 25040 | D:11     | Noticed loom's ghost (journeyman GrBe)
 25466 | D:11     | Reached skill level 5 in Poison Magic
 25824 | D:11     | Noticed loom's ghost (journeyman DDFi)
 25863 | D:10     | Noticed a two-headed ogre
 25875 | D:9      | HP: 2/71 [porcupine's spines (10)]
 25888 | D:9      | Reached **** piety under Vehumet
 25888 | D:9      | Reached skill level 5 in Dodging
 26234 | D:9      | Killed a two-headed ogre
 26581 | D:11     | Upgraded the game from 0.20-a0-301-g264e157 to 0.20-a0-303-g575bbf7
 26681 | D:11     | Found a staircase to the Orcish Mines.
 26780 | D:11     | Offered knowledge of Force Lance by Vehumet.
 26853 | D:11     | Noticed Fannar
 27158 | D:11     | Noticed a death knight
 27194 | D:12     | Noticed Maurice
 27206 | D:12     | Killed from afar by a kobold demonologist

Vault maps used:
D:1:      lemuel_arrival_room
D:2:      first_bread, minmay_tetromino_i4
D:3:      uniq_terence
D:4:      serial_shops, shop, minmay_misc_feat_square, uniq_crazy_yiuf_cottage
D:5:      xom_redecorated, serial_shops, shop, uniq_blork_the_orc
D:6:      serial_park_tiny_2, minmay_misc_feat_chi, kennysheep_flooded_box
D:7:      nicolae_gozag_seed_capital, uniq_duvessa, uniq_joseph, uniq_pikel
D:8:      basic_altar, nicolae_ossuary_entry_monument
D:9:      enter_bailey_2, grunt_pizzeria
D:10:     kennysheep_windowed_halls, corner_web_ring, uniq_gastronok
D:11:     minmay_lair_entry_grove, minmay_orc_entry_temple_large,
          kennysheep_small_circle, uniq_fannar
D:12:     uniq_maurice
Temple:   regret_index_temple_chain_breaker
Ossuary:  ossuary_due_mausoleum
Bailey:   bailey_axe_3, bailey

Skill      XL: |  1  2  3  4  5  6  7  8  9 10 11 12 |
---------------+-------------------------------------+-----
Spellcasting   | 3 4 5 6 7 8 9 |  9.6
Conjurations   | 1 2 3 4 5 6 7 |  7.6
Earth Magic    | 4 5 6 7 8 9 |  9.2
Shields        | 1 2 4 5 6 |  6.9
Fighting       | 1 2 3 5 6 |  6.7
Armour         | 1 2 |  2.1
Dodging        | 2 3 4 5 |  5.1
Evocations     | 2 3 4 5 |  5.9
Poison Magic   | 2 4 5 |  5.4
Maces & Flails | 1 3 4 |  4.0
Stealth        | |  2.1
Transmutations | |  0.7

Action                   |  1- 3 |  4- 6 |  7- 9 | 10-12 || total
-------------------------+-------+-------+-------+-------++-------
Melee: Unarmed           |   117 |    34 |       |       ||   151
       Dagger            |       |    80 |   246 |   208 ||   534
       Trident           |       |       |       |   458 ||   458
 Cast: Sandblast         |    48 |    69 |    36 |    57 ||   210
       Stone Arrow       |     2 |    20 |    89 |   184 ||   295
       Lee's Rapid Decon |       |       |     8 |    55 ||    63
       Throw Frost       |       |       |       |    64 ||    64
       Sting             |       |       |       |    26 ||    26
       Poisonous Cloud   |       |       |       |     7 ||     7
       Ignite Poison     |       |       |       |     7 ||     7
Evoke: Wand              |       |       |       |     1 ||     1
  Use: Scroll            |       |       |    16 |     6 ||    22
       Potion            |       |       |       |     5 ||     5
 Stab: Sleeping          |     3 |     1 |       |       ||     4
  Eat: Meat ration       |     1 |       |     1 |       ||     2
       Chunk             |     1 |    12 |    22 |    53 ||    88
       Pizza             |       |       |     2 |     4 ||     6
       Beef jerky        |       |       |       |     2 ||     2
       Fruit             |       |       |       |     3 ||     3
Armor: Robe              |    39 |    48 |   101 |   353 ||   541
       Skin              |       |       |       |    10 ||    10
Dodge: Dodged            |   110 |   105 |   143 |   469 ||   827
Block: Other             |       |     8 |       |       ||     8
       Reflection        |       |     2 |     3 |    28 ||    33
       Buckler           |       |     7 |    76 |   291 ||   374
